Map: Blackburn LE

Players

PartinG - Winner!

  • Race: Protoss Protoss

Neeb

  • Race: Protoss Protoss

Event: DreamHack SC2 Masters 2021 Fall

VOD

Have the link to the VOD?

Description

Time

  • Played on: Sept. 7, 2021, 9:15 a.m.
  • Length: 9:48

All games in this series

Show
View Real Time Build Order
Export as new Build Order

PartinG Protoss - Winner!

Build Orders: Phoenix Opening, Zealot Archon 

Get SALT Encoding   

  12  0:00  Probe  
  13  0:12  Probe  
  14  0:21  Pylon  
  14  0:24  Probe  
  15  0:39  Probe (Chrono Boost)  
  15  0:42  Gateway  
  16  0:48  Assimilator, Probe (Chrono Boost)  
  17  0:53  Probe (Chrono Boost)  
  17  0:56  Assimilator  
  18  1:05  Probe (Chrono Boost)  
  18  1:06  Pylon  
  19  1:13  Probe (Chrono Boost)  
  20  1:19  Probe  
  21  1:29  Cybernetics Core  
  21  1:31  Probe  
  21  1:32  Zealot  
  24  1:43  Probe  
  25  1:56  Probe  
  26  2:03  Stalker (Chrono Boost)  
  26  2:05  Warp Gate  
  28  2:17  Stargate  
  28  2:25  Stalker  
  30  2:32  Gateway  
  30  2:40  Pylon  
  30  2:52  Nexus  
  30  3:03  Phoenix (Chrono Boost)  
  32  3:09  Probe  
  33  3:21  Probe  
  33  3:22  Phoenix (Chrono Boost)  
  37  3:34  Probe  
  37  3:35  Twilight Council  
  37  3:36  Shield Battery  
  37  3:46  Phoenix  
  39  3:53  Shield Battery  
  39  4:04  Probe  
  39  4:07  Probe  
  41  4:16  Probe, Dark Shrine  
  42  4:18  Pylon  
  42  4:24  Gateway  
  42  4:27  Assimilator  
  42  4:31  Probe  
  42  4:32  Blink (Chrono Boost)  
  42  4:33  Probe  
  44  4:46  Probe  
  44  4:49  Probe  
  46  4:55  Stalker x2  
  46  4:58  Probe  
  51  5:04  Pylon  
  51  5:07  Probe  
  51  5:10  Probe  
  51  5:11  Pylon  
  53  5:17  Pylon  
  53  5:19  Probe  
  54  5:22  Probe  
  55  5:29  Pylon, Dark Templar x2  
  59  5:36  Probe x2  
  59  5:38  Dark Templar  
  63  5:48  Probe x2  
  65  5:51  Forge  
  65  5:52  Gateway  
  65  6:00  Probe x2  
  67  6:09  Nexus  
  67  6:15  Archon  
  67  6:21  Stalker x3  
  67  6:23  Probe x2  
  67  6:24  Protoss Ground Weapons Level 1 (Chrono Boost)  
  75  6:34  Pylon  
  75  6:35  Probe  
  75  6:36  Assimilator, Probe  
  77  6:45  Gateway x2  
  77  6:49  Stalker  
  79  6:55  Stalker x2  
  79  6:58  Stalker  
  85  7:03  Shield Battery  
  85  7:04  Charge (Chrono Boost)  
  81  7:16  Stalker  
  81  7:20  Stalker x2  
  81  7:26  Stalker  
  79  7:33  Probe x2  
  79  7:40  Stalker x3  
  75  7:47  Gateway x2  
  75  7:51  Stalker x2  
  71  7:52  Stalker  
  73  8:06  Stalker x3  
  73  8:09  Robotics Facility  
  79  8:18  Stalker x2  
  76  8:22  Stalker  
  72  8:32  Stalker x2  
  72  8:35  Stalker  
  72  8:43  Stalker x2  
  72  8:47  Stalker  
  72  8:54  Stalker x2  
  76  8:56  Probe (Chrono Boost)  
  76  9:00  Probe (Chrono Boost)  
  78  9:05  Stalker  
  78  9:06  Stalker  
  78  9:07  Probe (Chrono Boost)  
  78  9:08  Probe (Chrono Boost)  
  82  9:13  Stalker x2  
  84  9:18  Stalker  
  84  9:22  Stalker  
  88  9:24  Probe (Chrono Boost)  
  88  9:25  Assimilator  
  90  9:32  Probe (Chrono Boost)  
  90  9:33  Probe (Chrono Boost)  
  90  9:37  Stalker x3  
  90  9:38  Zealot  
  83  9:46  Stalker x2  
Show
View Real Time Build Order
Export as new Build Order

Neeb Protoss 

Build Orders: Oracle Opening, Proxy Void Ray 

Get SALT Encoding   

  12  0:00  Probe  
  13  0:12  Probe  
  14  0:19  Pylon  
  14  0:24  Probe  
  15  0:37  Probe (Chrono Boost)  
  15  0:38  Gateway  
  16  0:48  Assimilator, Probe (Chrono Boost)  
  17  0:52  Probe (Chrono Boost)  
  18  0:59  Assimilator  
  18  1:04  Probe (Chrono Boost)  
  19  1:11  Pylon  
  19  1:16  Probe (Chrono Boost)  
  20  1:25  Cybernetics Core, Probe (Chrono Boost)  
  21  1:30  Probe  
  24  1:42  Probe  
  25  1:56  Probe  
  24  2:02  Stargate  
  24  2:04  Adept  
  26  2:17  Nexus  
  25  2:32  Shield Battery  
  25  2:33  Pylon  
  25  2:36  Warp Gate  
  25  2:37  Void Ray (Chrono Boost)  
  29  2:55  Stalker  
  31  3:00  Probe  
  32  3:08  Void Ray (Chrono Boost)  
  32  3:14  Shield Battery, Probe  
  37  3:26  Probe  
  38  3:29  Probe  
  37  3:39  Probe  
  37  3:41  Oracle (Chrono Boost), Probe  
  42  3:51  Gateway, Probe  
  42  3:53  Probe  
  44  4:03  Probe  
  44  4:04  Gateway  
  45  4:10  Pylon, Probe  
  45  4:16  Probe  
  47  4:18  Twilight Council  
  47  4:22  Shield Battery  
  43  4:24  Probe  
  44  4:32  Stalker  
  44  4:33  Probe  
  44  4:36  Probe  
  48  4:41  Pylon  
  48  4:45  Probe  
  49  4:47  Stalker  
  49  4:48  Probe  
  49  4:49  Blink (Chrono Boost)  
  52  4:53  Pylon  
  52  4:57  Probe  
  53  5:03  Stalker  
  53  5:05  Probe  
  53  5:07  Assimilator  
  53  5:10  Stalker  
  53  5:12  Probe  
  56  5:15  Pylon  
  56  5:19  Probe  
  57  5:28  Pylon  
  57  5:31  Gateway x2  
  57  5:32  Gateway  
  57  5:34  Stalker  
  59  5:43  Pylon  
  59  5:49  Gateway  
  59  5:55  Nexus  
  59  6:02  Oracle  
  62  6:06  Robotics Facility  
  62  6:08  Sentry  
  64  6:11  Gateway  
  64  6:17  Shield Battery  
  64  6:18  Shield Battery  
  64  6:25  Stalker  
  66  6:26  Shield Battery  
  66  6:30  Gateway  
  69  6:43  Stalker x2  
  70  6:54  Observer  
  70  6:56  Stalker x2  
  70  6:58  Stalker x2  
  70  6:59  Forge  
  78  7:05  Pylon  
  78  7:06  Pylon  
  78  7:18  Stalker x2  
  78  7:19  Stalker  
  78  7:21  Probe  
  81  7:29  Probe  
  76  7:36  Stalker x3  
  72  7:38  Probe  
  67  7:50  Stalker x2  
  71  7:54  Assimilator  
  71  7:55  Stalker  
  73  8:02  Probe  
  73  8:03  Probe  
  75  8:06  Probe  
  75  8:10  Stalker x2  
  80  8:14  Probe  
  80  8:15  Probe  
  82  8:22  Probe  
  82  8:26  Observer  
  73  8:29  Stalker x2  
  73  8:31  Stalker x2  
  73  8:34  Probe  
  74  8:38  Pylon  
  74  8:42  Nexus  
  74  8:49  Stalker x2  
  74  8:50  Stalker  
  80  9:02  Immortal (Chrono Boost)  
  84  9:11  Stalker  
  82  9:18  Stalker x2  
  82  9:23  Shield Battery  
  86  9:33  Stalker  
  86  9:36  Stalker x2  
  74  9:40  Stalker  

Tags
 
Add a new tag
Caveats
  • Supply blocks, unpowered buildings, or Contaminate may cause inaccurate times.
  • Supply counts are checked every 10 seconds.